 Dungeon Crawl Stone Soup version 0.30.0-11-gf55b779eaf (webtiles) character file.

Game seed: 1610184250820105923

11118 monsoonserge the Skirmisher (level 12, -1/100 HPs)
             Began as a Meteoran Hexslinger on May 17, 2023.
             Was an Elder of Nemelex Xobeh.
             Slain by a sun demon (23 damage)
             ... summoned by the player character
             ... on level 2 of the Orcish Mines.
             The game lasted 01:34:57 (5870 turns).

monsoonserge the Skirmisher (Meteoran Hexslinger)   Turns: 5870, Time: 01:34:58

Health: -1/100     AC:  8    Str: 17    XL:     12   Next: 30%
Magic:  11/18      EV: 15    Int: 14    God:    Nemelex Xobeh [****..]
Gold:   781        SH: 14    Dex: 24    Spells: 10/15 levels left

rFire   . . .        a - +1 sling
rCold   + . .        X - +0 kite shield
rNeg    . . .        u - +0 robe of Opnez {rC+ Str+5 Int-3 Archmagi}
rPois   .            j - +2 helmet {SInv}
rElec   .            x - +0 cloak
rCorr   .            (no gloves)
SInv    +            y - +1 pair of boots {rampage}
Will    +....        G - amulet of reflection
Stlth   +            p - +4 ring of slaying
HPRegen 0.36/turn    Q - +6 ring of dexterity
MPRegen 0.16/turn

%: reflection, rampage, archmagi
@: about to teleport, glowing, studying Long Blades
A: sense surroundings 2, otherworldly, glowing, explore regen
a: Renounce Religion, Draw Escape, Draw Destruction, Draw Summoning, Triple
Draw, Deal Four


You were on level 2 of the Orcish Mines.
You worshipped Nemelex Xobeh.
Nemelex Xobeh was greatly pleased with you.
You visited 3 branches of the dungeon, and saw 14 of its levels.
You also visited: Bailey.

You collected 826 gold pieces.
You spent 45 gold pieces at shops.

Inventory:

Hand Weapons
 a - a +1 sling (weapon)
 r - a +1 short sword of freezing
 H - the +5 dagger of the Bear {pain, rN+ rCorr Stlth-}
   (You found it on level 7 of the Dungeon)

   rN:        It protects you from negative energy.
   rCorr:     It protects you from acid and corrosion.
   Stlth:     It makes you less stealthy.
Missiles
 l - 12 poisoned darts
 E - 5 atropa-tipped darts
 F - 4 boomerangs
Armour
 c - a +3 chain mail of poison resistance
 j - a +2 helmet of see invisible (worn)
 m - a +2 robe of willpower
 u - the +0 robe of Opnez (worn) {rC+ Str+5 Int-3 Archmagi}
   (You found it on level 5 of the Dungeon)

   Str:       It affects your strength (+5).
   Int:       It affects your intelligence (-3).
   rC:        It protects you from cold.
   Archmagi:  It increases the power of your magical spells.
 v - an orb of wrath
 x - a +0 cloak (worn)
 y - a +1 pair of boots of rampaging (worn)
 B - a +1 leather armour of fire resistance
 P - +0 steam dragon scales
 V - +0 acid dragon scales
 X - a +0 kite shield (worn)
Jewellery
 p - a +4 ring of slaying (left hand)
 D - a ring of see invisible
 G - an amulet of reflection (around neck)
 M - a ring of wizardry
 Q - a +6 ring of dexterity (right hand)
 S - an amulet of magic regeneration
Wands
 o - a wand of digging (6)
 A - a wand of paralysis (4)
 I - a wand of iceblast (11)
 N - a wand of mindburst (14)
Scrolls
 b - 4 scrolls of poison
 d - 5 scrolls of teleportation
 e - 3 scrolls of fog {unknown}
 i - 2 scrolls of immolation
 k - 2 scrolls of vulnerability {unknown}
 n - 2 scrolls of fear {unknown}
 s - 2 scrolls of blinking {unknown}
 t - a scroll of magic mapping {unknown}
 K - 2 scrolls of amnesia {unknown}
 O - a scroll of torment {unknown}
 T - a scroll of acquirement {unknown}
 U - a scroll of butterflies {unknown}
 W - a scroll of noise {unknown}
Potions
 f - a potion of magic {unknown}
 g - a potion of invisibility {unknown}
 h - a potion of resistance {unknown}
 q - 4 potions of curing
 w - 2 potions of brilliance
 z - 2 potions of heal wounds
 C - 3 potions of haste {unknown}
 J - 2 potions of lignification
 L - a potion of might {unknown}
 R - a potion of cancellation {unknown}


   Skills:
 + Level 7.5 Fighting
 + Level 14.2 Ranged Weapons
 + Level 3.6 Armour
 + Level 6.5 Dodging
 + Level 0.9 Stealth
 - Level 1.0 Shields
 - Level 2.0 Spellcasting
 * Level 8.7 Hexes
 - Level 7.0 Invocations
 - Level 2.0 Evocations


You had 10 spell levels left.
You knew the following spells:

 Your Spells              Type           Power      Damage    Failure   Level
a - Slow                  Hex            100%       N/A       1%          1
b - Cause Fear            Hex            19%        N/A       21%         4

Your spell library contained the following spells:

 Spells                   Type           Power      Damage    Failure   Level
 Inner Flame              Hex/Fire       20%        N/A       36%         3
 Portal Projectile        Hex/Tloc       40%        N/A       36%         3
 Apportation              Tloc           4%         N/A       58%         1
 Yara's Violent Unravell  Hex/Tmut       10%        3d6       98%         5
 Animate Dead             Necr           2%         N/A       100%        4
 Alistair's Intoxication  Tmut/Pois      1%         N/A       100%        5
 Enfeeble                 Hex            19%        N/A       100%        7
 Haunt                    Necr/Summ      1%         N/A       100%        7
 Infestation              Necr           1%         N/A       100%        8


Dungeon Overview and Level Annotations

Branches:
Dungeon (11/15) Zot: 1171  Temple (1/1) D:5 Zot: 595    Lair (0/5) D:10
    Orc (1/2) D:10 Zot: 1143     Elf (0/3) Orc:2        Bailey (visited)

Altars:
Dithmenos
Nemelex Xobeh
Okawaru
Sif Muna
Uskayaw
Wu Jian
Yredelemnul
The Shining One

Shops:
D:1 [   D:8 !   D:10 (   Orc:1 [

Annotations:
D:6 2 transporters


Innate Abilities, Weirdness & Mutations

You passively map the area around you.
You are easily found by Zot.
You glow in the dark.
You regain HP and MP as you explore.


Message History

Okay, then.
Okay, then.
Okay, then.
You fail to use your ability.
You block the sun demon's attack.
Your rakshasa hits the orc wizard from afar with a +0 vampiric trident!
The orc wizard dies!
The orc misses you.
An orc warrior comes into view. It is wielding a +0 scimitar.
An orc high priest comes into view. It is wielding a +0 hand axe.
You fail to use your ability.
You block the sun demon's attack. You block the orc's attack.
The orc completely misses you.
The orc high priest invokes the aid of Beogh against you.
Beogh smites you!
* * * LOW HITPOINT WARNING * * *
You deal a card...
You have dealt the Elixir.
You begin rapidly regenerating health and magic.
You deal a card...
You have dealt the Tomb.
Walls emerge from the floor!
You deal a card...
You have dealt the Elixir.
You begin rapidly regenerating health and magic.
You deal a card...
You have dealt the Tomb.
Nothing appears to happen.
You block the sun demon's attack.
Your rakshasa misses the sun demon. The orc barely misses you.
You block the sun demon's attack. The orc closely misses you.
The orc hits you with a +0 club.
* * * LOW HITPOINT WARNING * * *
An orc priest comes into view. It is wielding a +0 dagger.
An orc wizard comes into view. It is wielding a +0 dagger.
As you read the scroll of teleportation, it crumbles to dust.
You feel strangely unstable. You block the sun demon's attack.
Your rakshasa hits the sun demon but does no damage.
The orc hits your rakshasa with a +0 dagger.
The orc hits you with a +0 falchion.
* * * LOW HITPOINT WARNING * * *
The orc high priest invokes the aid of Beogh against you.
Beogh smites you!
* * * LOW HITPOINT WARNING * * *
You hear a shout!
Okay, then.
It was a potion of heal wounds.
You feel much better. The sun demon hits you!!
You die...
Your body glows with a rainbow of weird colours and disappears.

* * , , ,* ## *
, , , , * ##.# ,
# , , , ,,
.*##... .## , ,
..#.#.. , ..#* ,
, #..... *..##,
, ###....##...#
,, , ,
#...$.3#o...#..,
,, ,
......#@oo.....
, *,
#.....#Ro..$...,
,, ,
.........).....
, ,
#.##.#.....##).,
, , .,
##.....#o. . , ,
, , .....#.... ,
, *,
,....o.oo... ,
,............ ,
, , , ,, ,* ,


You could see an orc high priest, a sun demon (summoned, ally target), 2 orc
warriors, an orc priest, an orc wizard, 3 orcs and a friendly rakshasa
(summoned).

Vanquished Creatures
  A two-headed ogre (D:8)
  A deep elf pyromancer (D:10)
  A deep elf zephyrmancer (Bailey)
  3 trolls
  Grinder (D:4)
  A vampire (D:10)
  A wyvern (D:9)
  A steam dragon (D:8)
  4 vampire mosquitoes (D:10)
  Duvessa (D:6)
  An acid dragon (D:9)
  A water moccasin (D:8)
  2 ice beasts (D:8)
  8 orc warriors
  2 black bears (D:6)
  A sky beast (D:7)
  3 ogres
  A centaur (D:10)
  5 phantoms
  A kobold brigand (D:9)
  5 bullfrogs
  A gnoll sergeant (D:9)
  3 scorpions
  14 wights
  Dowan (D:6)
  5 killer bees
  A spectral centaur (D:7)
  4 electric eels
  2 howler monkeys
  A bullfrog zombie (D:7)
  A centaur zombie (D:7)
  2 hounds
  2 jellies
  7 orc priests
  2 gnoll boudas
  An iguana (D:5)
  2 sleepcaps (D:6)
  19 orc wizards
  A spectral killer bee (D:7)
  A mummy (D:5)
  14 gnolls
  10 adders
  3 white imps
  3 dart slugs
  46 orcs
  4 bats
  5 endoplasms
  A giant cockroach (D:3)
  12 goblins
  9 hobgoblins
  7 jackals
  4 quokkas
  5 ball pythons
  A frilled lizard (D:3)
  A hobgoblin zombie (D:5)
  12 kobolds
  2 kobold zombies (D:5)
  An orc zombie (D:5)
  3 rats
258 creatures vanquished.

Vanquished Creatures (collateral kills)
  A two-headed ogre (D:4)
  A swamp dragon (D:8)
  An orc knight (Bailey)
  A water moccasin (D:7)
  3 orc warriors
  A bullfrog (D:7)
  3 scorpions
  3 wights (D:7)
  2 orc wizards (Orc:2)
  A worm (D:4)
  2 orcs (Bailey)
  A hobgoblin (D:4)
  A jackal (D:4)
21 creatures vanquished.

Grand Total: 279 creatures vanquished

Notes
Turn   | Place    | Note
-------+----------+-------------------------------------------
     0 | D:1      | monsoonserge the Meteoran Hexslinger began the quest for
                  | the Orb.
     0 | D:1      | Reached XP level 1. HP: 16/16 MP: 3/3
    62 | D:1      | Reached XP level 2. HP: 22/23 MP: 3/5
    98 | D:1      | Found Ikiycewu's Armour Boutique.
   227 | D:1      | Reached XP level 3. HP: 22/28 MP: 6/6
   596 | D:2      | Reached XP level 4. HP: 33/36 MP: 7/7
   605 | D:2      | Learned a level 4 spell: Cause Fear
   627 | D:2      | Found a faded altar of an unknown god.
   635 | D:2      | Prayed at the altar of an unknown god.
   635 | D:2      | Became a worshipper of Nemelex Xobeh the Trickster
   635 | D:2      | Reached * piety under Nemelex Xobeh
   705 | D:2      | Received a gift from Nemelex Xobeh
  1015 | D:3      | Reached skill level 3 in Ranged Weapons
  1166 | D:3      | Reached XP level 5. HP: 11/41 MP: 5/8
  1175 | D:3      | Reached skill level 1 in Invocations
  1322 | D:4      | Reached ** piety under Nemelex Xobeh
  1352 | D:4      | Reached skill level 4 in Ranged Weapons
  1352 | D:4      | Reached skill level 1 in Armour
  1352 | D:4      | Reached XP level 6. HP: 40/48 MP: 9/9
  1361 | D:4      | Noticed a two-headed ogre
  1392 | D:4      | HP: 2/49 [two-headed ogre/+0 giant club (20)]
  1393 | D:4      | Killed a two-headed ogre
  1394 | D:4      | Reached skill level 6 in Ranged Weapons
  1394 | D:4      | Reached skill level 5 in Hexes
  1394 | D:4      | Reached XP level 7. HP: 7/57 MP: 8/11
  1394 | D:4      | Reached XP level 8. HP: 8/63 MP: 8/12
  1445 | D:5      | Entered Level 5 of the Dungeon
  1524 | D:4      | Noticed Grinder
  1571 | D:4      | Killed Grinder
  1572 | D:4      | Reached skill level 7 in Ranged Weapons
  1874 | D:5      | Gained mutation: You passively map the area around you.
                  | [Meteoran growth]
  1874 | D:5      | Reached XP level 9. HP: 70/70 MP: 11/13
  1920 | D:5      | Identified the +0 robe of Opnez {rC+ Str+5 Int-3 Archmagi}
  1970 | D:5      | Reached skill level 8 in Ranged Weapons
  1983 | D:5      | Found a staircase to the Ecumenical Temple.
  2002 | Temple   | Entered the Ecumenical Temple
  2217 | D:5      | Reached *** piety under Nemelex Xobeh
  2546 | D:6      | Received a gift from Nemelex Xobeh
  2556 | D:6      | Reached skill level 9 in Ranged Weapons
  2591 | D:6      | Noticed a toenail golem
  2651 | D:6      | Found a transporter.
  2670 | D:6      | Found a transporter.
  2680 | D:6      | Noticed a toenail golem
  2834 | D:7      | Reached skill level 5 in Invocations
  2895 | D:7      | Reached XP level 10. HP: 78/78 MP: 14/14
  2902 | D:7      | Reached skill level 10 in Ranged Weapons
  2902 | D:7      | Reached skill level 1 in Evocations
  2919 | D:7      | Found a shadowy altar of Dithmenos.
  2922 | D:7      | Found an ornate altar of the Wu Jian Council.
  3213 | D:7      | Reached skill level 11 in Ranged Weapons
  3253 | D:7      | Identified the +1 long sword "Enniokh" {venom, Fragile rN++
                  | SInv}
  3270 | D:7      | Identified the +5 dagger of the Bear {pain, rN+ rCorr
                  | Stlth-}
  3410 | D:6      | Reached **** piety under Nemelex Xobeh
  3460 | D:6      | Received a gift from Nemelex Xobeh
  3508 | D:6      | Noticed Duvessa
  3508 | D:6      | Noticed Dowan
  3523 | D:6      | Killed Dowan
  3533 | D:6      | Killed Duvessa
  3780 | D:8      | Found a flagged portal.
  3786 | D:8      | Noticed a two-headed ogre
  3801 | D:8      | a two-headed ogre changed into a swamp dragon
  3801 | D:8      | Noticed a swamp dragon
  3810 | D:8      | Killed a swamp dragon
  3811 | D:8      | Reached skill level 5 in Fighting
  3811 | D:8      | Reached skill level 12 in Ranged Weapons
  3835 | D:8      | Reached XP level 11. HP: 59/88 MP: 16/16
  3853 | Bailey   | Entered a bailey
  3877 | Bailey   | Reached skill level 5 in Dodging
  3958 | Bailey   | Noticed an orc knight
  3968 | Bailey   | Killed an orc knight
  3969 | Bailey   | Reached skill level 1 in Shields
  4100 | Bailey   | Found a large runed translucent door.
  4100 | Bailey   | Found a large runed translucent door.
  4101 | Bailey   | Noticed a deep elf zephyrmancer
  4126 | Bailey   | Killed a deep elf zephyrmancer
  4248 | D:8      | Found Dauv's Distillery.
  4253 | D:8      | Bought a potion of lignification for 45 gold pieces
  4295 | D:8      | Noticed a two-headed ogre
  4449 | D:8      | Killed a two-headed ogre
  4450 | D:8      | Reached skill level 13 in Ranged Weapons
  4781 | D:10     | Entered Level 10 of the Dungeon
  4860 | D:10     | Received a gift from Nemelex Xobeh
  5295 | D:10     | Noticed a deep elf pyromancer
  5321 | D:10     | Killed a deep elf pyromancer
  5322 | D:10     | Reached XP level 12. HP: 47/100 MP: 18/18
  5386 | D:10     | Found a staircase to the Orcish Mines.
  5410 | D:10     | Found Iroib's Weapon Emporium.
  5492 | D:10     | Found a staircase to the Lair.
  5579 | D:10     | Reached skill level 14 in Ranged Weapons
  5809 | Orc:1    | Entered Level 1 of the Orcish Mines
  5810 | Orc:1    | Received a gift from Nemelex Xobeh
  5810 | Orc:1    | Found Gubo's Armour Boutique.
  5849 | Orc:1    | You fall into a shaft and drop 1 floor!
  5849 | Orc:2    | Entered Level 2 of the Orcish Mines
  5858 | Orc:2    | Noticed a sun demon
  5866 | Orc:2    | Noticed an orc high priest
  5869 | Orc:2    | HP: 1/100 [orc high priest/divine providence (14)]
  5870 | Orc:2    | Slain by a sun demon

Illustrated notes

Levels and vault maps discovered:
D:1:      minmay_arrival_split_and_join, layout_basic, serial_shops,
          nicolae_shop_stone, solitary_fountain, corexii_leaking_fountain,
          st_stairs_2
D:2:      layout_loops_ring, hellmonk_ecumenical_altar_run_dry
D:3:      minmay_evil_eye, layout_loops_ring
D:4:      layout_cave_pools, minmay_manual_monstrance, uniq_grinder
D:5:      corexii_shack_village, layout_gridville,
          minmay_temple_entry_glassed_door, minmay_mini_ossuary
D:6:      dreamdust_elfheim, layout_cave_pods, gammafunk_ghost_abyssal_escape,
          serial_bayou_ford_a
D:7:      nicolae_BIG_FREAKIN_CUBE, layout_cave_pools,
          grunt_temple_overflow_open, dilly_guarded_unrand_morg
D:8:      layout_gridville, serial_shops, nicolae_shop_hallway_plus,
          enter_bailey_5
D:9:      layout_basic
D:10:     layout_loops_cross, grunt_lair_entry_orc_guard_hut, orc_0_dummy,
          serial_shops, nicolae_shop_back_alley_shop
D:11:     layout_rooms, serial_shops, kennysheep_little_box,
          lightli_elemental_guards
Temple:   nicolae_temple_bog_church
Orc:1:    layout_diamond_mine, serial_shops, shop
Orc:2:    pf_orc_diabolical, layout_caves, bloody_makhleb, uniq_snorg,
          uniq_nessos

Skill      XL: |  1  2  3  4  5  6  7  8  9 10 11 12 |
---------------+-------------------------------------+-----
Hexes          | 4 5 7 8 |  8.7
Ranged Weapons | 3 4 6 7 9 12 13 14 | 14.2
Fighting       | 2 3 4 5 7 |  7.5
Invocations    | 1 3 5 7 |  7.0
Armour         | 1 3 |  3.6
Dodging        | 3 4 6 |  6.5
Spellcasting   | 2 |  2.0
Evocations     | 1 2 |  2.0
Shields        | 1 |  1.0
Stealth        | |  0.9

Action                     |  1- 3 |  4- 6 |  7- 9 | 10-12 || total
---------------------------+-------+-------+-------+-------++-------
  Melee: Sling             |       |       |     2 |       ||     2
   Fire: Sling             |    84 |   108 |   258 |   687 ||  1137
   Cast: Slow              |     3 |    12 |    53 |    59 ||   127
         Cause Fear        |       |       |     3 |     7 ||    10
 Invoke: Draw Destruction  |       |     1 |     2 |    11 ||    14
         Draw Summoning    |       |     2 |     1 |     5 ||     8
         Draw Escape       |       |       |     1 |     2 ||     3
         Deal Four         |       |       |       |     1 ||     1
    Use: Scroll            |       |       |     3 |     2 ||     5
         Potion            |       |       |       |     1 ||     1
 Armour: Robe              |    20 |       |    31 |    53 ||   104
         Ring mail         |     4 |    15 |       |       ||    19
         Leather armour    |       |    14 |     6 |       ||    20
  Dodge: Dodged            |    32 |    53 |    72 |   168 ||   325
  Block: Orb               |       |       |       |    25 ||    25
         Kite shield       |       |       |       |   112 ||   112
         Reflection        |       |       |       |     3 ||     3
